 Dungeon Crawl Stone Soup version 0.24.0-2-g5b39cebb1c (webtiles) character file.

Game seed: 4146696080158497393, levelgen mode: deterministic

372 Mrkan the Chopper (level 6, -3/56 HPs)
             Began as a Hill Orc Fighter on Oct 31, 2019.
             Was an Initiate of Nemelex Xobeh.
             Slain by a wight
             ... wielding a +2 trident of freezing
              (9 damage)
             ... on level 3 of the Dungeon.
             The game lasted 00:07:30 (2730 turns).

Mrkan the Chopper (Hill Orc Fighter)                Turns: 2730, Time: 00:07:31

Health: -3/56      AC:  8    Str: 18 (19) XL:     6   Next: 71%
Magic:  6/6        EV:  7    Int:  5 (8)  God:    Nemelex Xobeh [......]
Gold:   146        SH:  9    Dex: 11 (12) Spells: 5/5 levels left

rFire    . . .     SeeInvis .   a - +0 war axe
rCold    . . .     Gourm    .   c - +0 shield
rNeg     . . .     Faith    .   b - +0 scale mail
rPois    .         Spirit   .   (no helmet)
rElec    .         Reflect  .   (no cloak)
rCorr    .         Harm     .   (no gloves)
MR       .....                  p - +0 pair of boots
Stlth    ..........             (no amulet)
HPRegen  0.18/turn              (no ring)
MPRegen  0.10/turn              (no ring)

@: heavily drained
A: no striking features
a: Draw Escape, Draw Destruction, Draw Summoning, Renounce Religion


You were on level 3 of the Dungeon.
You worshipped Nemelex Xobeh.
Nemelex Xobeh was noncommittal.
You were not hungry.

You visited 1 branch of the dungeon, and saw 3 of its levels.

You collected 146 gold pieces.

Inventory:

Hand Weapons
 a - a +0 war axe (weapon)
Missiles
 o - 2 silver boomerangs (quivered)
Armour
 b - a +0 scale mail (worn)
 c - a +0 shield (worn)
 p - a +0 pair of boots (worn)
Jewellery
 e - an uncursed amulet of faith {unknown}
 m - an uncursed ring of positive energy {unknown}
 s - an uncursed amulet of magic regeneration {unknown}
Scrolls
 g - a scroll of immolation {unknown}
 h - a scroll of magic mapping {unknown}
 i - 4 scrolls of random uselessness {unknown}
 k - 3 scrolls of teleportation {unknown}
 q - 2 scrolls of identify {unknown}
 r - 2 scrolls of blinking {unknown}
 t - 3 scrolls of amnesia {unknown}
 w - a scroll of enchant armour {unknown}
Potions
 d - 3 potions of might
 j - a potion of degeneration
 l - a potion of resistance {unknown}
 n - a potion of cancellation {unknown}
 v - a potion of curing
Comestibles
 f - 4 rations
 u - 2 chunks of flesh


   Skills:
 + Level 5.1(3.8) Fighting
 * Level 6.1(4.8) Axes
 + Level 4.5(3.2) Armour
 + Level 4.6(3.3) Shields


You had 5 spell levels left.
You didn't know any spells.
Your spell library was empty.

Dungeon Overview and Level Annotations

Branches:
Dungeon (3/15)

Altars:
Nemelex Xobeh
Zin


Message History

* * * LOW HITPOINT WARNING * * *
You slash the wight!
You destroy the wight!
The wight hits you from afar with a +2 trident of freezing.
* * * LOW HITPOINT WARNING * * *
You feel drained.
* * * LOW HITPOINT WARNING * * *
The wight freezes you.
* * * LOW HITPOINT WARNING * * *
You block the wight's attack.
The wight hits you with a +2 trident of freezing.
* * * LOW HITPOINT WARNING * * *
The wight freezes you.
* * * LOW HITPOINT WARNING * * *
Things that are here:
a +3 short sword; a +0 robe You closely miss the wight.
The wight hits you with a +2 trident of freezing!
You die...
Your body disappears without a glow.

.....#......##.......#..)########
.###.........#..........(........
.# #....................###......
.# #..........>.........# #.###.#
.# #...................## #.# #..
##################....#####.# ##.
...................####.....#####
.#...#...#...#...#.####.....##...
...............z@..........).....
.#...#)..#...#...#......^........
(.................#.##...........
# #################..............
##.............#######.........
##............### #....<....
##...........### #.........
#..###..>...## ###......... #.##
######.## .............


You could see a wight.

Vanquished Creatures
  An ogre (D:3)
  2 wights (D:3)
  Natasha (twice) (D:2)
  Robin (D:3)
  4 gnolls (D:2)
  3 adders (D:2)
  An ooze (D:2)
  2 worms
  2 dart slugs (D:2)
  2 orcs
  A ball python (D:2)
  5 bats
  4 giant cockroaches
  13 goblins
  10 hobgoblins
  2 quokkas (D:2)
  7 frilled lizards
  5 kobolds
  4 rats
71 creatures vanquished.

Notes
Turn   | Place    | Note
-------+----------+-------------------------------------------
     0 | D:1      | Mrkan the Hill Orc Fighter began the quest for the Orb.
     0 | D:1      | Reached XP level 1. HP: 19/19 MP: 1/1
     0 | D:1      | Noticed an orb of fire
     0 | D:1      | Noticed an ice dragon
     1 | D:1      | Noticed a shadow dragon
     3 | D:1      | Noticed a red draconian
     5 | D:1      | Noticed an ice dragon
     7 | D:1      | Noticed an iron dragon
     8 | D:1      | Noticed a tentacled monstrosity
    10 | D:1      | Noticed a tentacled monstrosity
    10 | D:1      | Noticed a tentacled monstrosity
    12 | D:1      | Noticed a shadow dragon
    12 | D:1      | Noticed a large abomination
   119 | D:1      | Reached skill level 3 in Axes
   195 | D:1      | Reached XP level 2. HP: 27/27 MP: 2/2
   247 | D:1      | Noticed an iron dragon
   249 | D:1      | Noticed an orb of fire
   258 | D:1      | Noticed a shadow dragon
   634 | D:2      | Reached XP level 3. HP: 33/33 MP: 3/3
  1184 | D:2      | Noticed Natasha
  1197 | D:2      | Killed Natasha
  1197 | D:2      | Reached skill level 4 in Axes
  1197 | D:2      | Reached XP level 4. HP: 13/40 MP: 4/4
  1609 | D:2      | Reached XP level 5. HP: 41/47 MP: 5/5
  1775 | D:2      | Found a glowing silver altar of Zin.
  1822 | D:2      | Found a sparkling altar of Nemelex Xobeh.
  1837 | D:2      | Became a worshipper of Nemelex Xobeh the Trickster
  2014 | D:2      | Noticed Natasha
  2024 | D:2      | Killed Natasha
  2024 | D:2      | Reached skill level 5 in Axes
  2111 | D:3      | Noticed an ogre
  2126 | D:3      | Killed an ogre
  2126 | D:3      | Reached XP level 6. HP: 33/55 MP: 6/6
  2257 | D:3      | Received a gift from Nemelex Xobeh
  2259 | D:3      | Noticed Robin
  2293 | D:3      | Killed Robin
  2640 | D:3      | Found a sparkling altar of Nemelex Xobeh.
  2710 | D:3      | Reached skill level 5 in Fighting
  2710 | D:3      | Reached skill level 6 in Axes
  2730 | D:3      | Slain by a wight

Levels and vault maps discovered:
D:1:      shiori_arrival_whats_in_store_for_you, layout_basic
D:2:      kennysheep_big_flooded_room, layout_loops_corners, zin_scriptorium,
          nemelex_dance_club_becter, uniq_natasha
D:3:      layout_rooms, lemuel_coloured_pillars_altar,
          lemuel_zombie_altar_yredelemnul, first_ration,
          nemelex_lonely_heart_becter, uniq_robin

Skill      XL: |  1  2  3  4  5  6 |
---------------+-------------------+-----
Axes           | 3 4 5 6 |  6.1
Fighting       | 4 5 |  5.1
Shields        | 4 |  4.6
Armour         | 4 |  4.5

Action                   |  1- 3 |  4- 6 || total
-------------------------+-------+-------++-------
Melee: War axe           |   104 |   133 ||   237
  Use: Potion            |       |     2 ||     2
  Eat: Chunk             |     1 |     5 ||     6
Armor: Scale mail        |    44 |    44 ||    88
Dodge: Dodged            |    32 |    34 ||    66
Block: Shield            |    51 |    70 ||   121
